 Dungeon Crawl Stone Soup version 0.32-a0-520-g344ed53f66 (webtiles) character file.

Game seed: 4235031072196727883

40 retardedninja the Trooper (level 3, -3/49 HPs)
             Began as a Mountain Dwarf Fighter on Feb 27, 2024.
             Slain by Sigmund
             ... wielding a +0 scythe
              (7 damage)
             ... on level 2 of the Dungeon.
             The game lasted 00:01:23 (1068 turns).

retardedninja the Trooper (Mountain Dwarf Fighter)  Turns: 1068, Time: 00:01:23

Health: -3/49      AC: 21    Str: 20    XL:     3   Next: 30%
Magic:  3/3        EV:  2    Int:  8    God:
Gold:   17         SH:  4    Dex:  9    Spells: 2/2 levels left

rFire   + . .        a - +0 war axe
rCold   + . .        c - +0 buckler
rNeg    . . .        b - melded +0 scale mail
rPois   +            (helmet currently unavailable)
rElec   +            (cloak currently unavailable)
rCorr   +            (gloves currently unavailable)
SInv    .            (boots currently unavailable)
Will    .....        (no amulet)
Stlth   +            (no ring)
HPRegen 0.28/turn    (no ring)
MPRegen 0.08/turn

%: no passive effects
@: lethally poisoned (-3 -> -5), tree-form, resistant
A: stationary, stasis, torment immunity, boosted hp, runic magic, artefact
enchanting
a: no special abilities


You were on level 2 of the Dungeon.
You were a tree.
You visited 1 branch of the dungeon, and saw 2 of its levels.

You collected 17 gold pieces.

Inventory:

Hand Weapons
 a - a +0 war axe (weapon)
Armour
 b - a +0 scale mail (melded)
 c - a +0 buckler (worn)
Scrolls
 h - a scroll of enchant weapon {unknown}
 i - a scroll of teleportation {unknown}


   Skills:
 + Level 3.8 Fighting
 + Level 3.0 Axes
 + Level 3.7 Armour
 + Level 3.7 Shields


You had 2 spell levels left.
You didn't know any spells.
Your spell library contained the following spells:

 Spells                   Type           Power      Damage    Failure   Level
 Lesser Beckoning         Tloc           0%         N/A       63%         2
 Gell's Gravitas          Tloc           0%         N/A       85%         3
 Teleport Other           Tloc           0%         N/A       85%         3


Dungeon Overview and Level Annotations

Branches:
Dungeon (2/15)

Altars:

Shops:
D:2 *

Annotations:
D:2 Sigmund


Innate Abilities, Weirdness & Mutations

You are a tree.
Your roots penetrate the ground, keeping you stationary.
You cannot be teleported.
You are immune to unholy pain and torment.
Your maximum health is greatly increased.
Your equipment is partially melded.
Your spellcasting is much less encumbered by armour.
You can use scrolls of enchantment on lesser artefacts.


Message History

You block the adder's attack.
You slash the kobold!
You kill the kobold!
You miss the adder.
A magic dart appears from out of thin air!
The magic dart hits you. The adder bites you.
The adder bites you but does no damage. Something hits you.
* * * LOW HITPOINT WARNING * * *
It was a potion of cancellation.
Your magical effects are unravelling.
You feel magically purged.
You feel a little less mighty now. You block the dart slug's attack.
The adder bites you.
* * * LOW HITPOINT WARNING * * *
You are poisoned.
The adder poisons you!
It was a potion of lignification.
You turn into a tree.
Your +0 scale mail melds into your body.
Your roots penetrate the ground.
You feel sick. The adder bites you but does no damage. Something hits you.
* * * LOW HITPOINT WARNING * * *
The dart slug bites you but does no damage.
It was a potion of resistance.
You feel protected.
You feel sick. The adder bites you but does no damage.
Something hits you but does no damage.
You slash the dart slug!
You kill the dart slug!
You barely miss the adder.
You feel sick.
The adder bites you but does no damage. x2
You cannot move.
You cannot move.
You cannot move.
You cannot move.
You cannot move.
You cannot move.
You cannot move.
You closely miss the adder.
You feel sick. The adder bites you but does no damage. Something hits you!
You die...

#####
##########...######
...................
...$....###.##.####
........# #.#
........# #.#
........###{#
.........♣).#
........##S....⌠..
....#+#####.#$#.#.
###. #.### #.. #.##
... ##


You could see an adder.

Vanquished Creatures
  A gnoll (D:1)
  2 dart slugs
  A ball python (D:1)
  5 endoplasms (D:1)
  3 goblins
  A hobgoblin (D:1)
  2 kobolds
  2 quokkas
  2 bats
  3 frilled lizards (D:1)
  2 rats
24 creatures vanquished.

Notes
Turn   | Place    | Note
-------+----------+-------------------------------------------
     0 | D:1      | retardedninja the Mountain Dwarf Fighter began the quest
                  | for the Orb.
     0 | D:1      | Reached XP level 1. HP: 19/19 MP: 1/1
   198 | D:1      | Reached XP level 2. HP: 26/26 MP: 2/2
   582 | D:1      | Found a faded altar of an unknown god.
   836 | D:2      | Found Yrholohu's Assorted Antiques.
   843 | D:1      | Reached XP level 3. HP: 17/33 MP: 3/3
  1031 | D:2      | Noticed Sigmund
  1068 | D:2      | Slain by Sigmund

Illustrated notes

Levels and vault maps discovered:
D:1:      heliophobic_arrival_henge, layout_basic,
          hellmonk_ecumenical_altar_slurped_away
D:2:      layout_basic, serial_shops, nicolae_diamond_shop, minmay_octomino_e4,
          uniq_crazy_yiuf_cottage, uniq_sigmund

Skill      XL: |  1  2 |
---------------+-------+-----
Axes           | 3 |  3.0
Fighting       | |  3.8
Armour         | |  3.7
Shields        | |  3.7

Action                     || total
---------------------------++-------
  Melee: War axe           ||    53
    Use: Potion            ||     4
 Armour: Scale mail        ||    46
         Skin              ||     9
  Dodge: Dodged            ||    32
         Repelled          ||     1
  Block: Buckler           ||    13

Table legend: (Time is in decaauts)
 A = Elapsed time spent in this place.
 B = Non-inter-level travel time spent in this place.
 C = Inter-level travel time spent in this place.
 D = Time resting spent in this place.
 E = Time spent auto-exploring this place.
 F = Levels seen in this place.
 G = Mean time per level.
                   A        B        C        D        E       F      G
               +--------+--------+--------+--------+--------+-----+--------+
         Total |   1088 |   1041 |     47 |    163 |    698 |   2 |  544.0 |
       Dungeon |   1088 |   1041 |     47 |    163 |    698 |   2 |  544.0 |
               +--------+--------+--------+--------+--------+-----+--------+

Top non-repeatable levels by time:
     D:1: 1046 daAuts
     D:2: 41 daAuts
